Map: Cyber Forest LE

Players

PtitDrogo - Winner!

  • Race: Protoss Protoss
  • League: Grandmaster
  • Spawn Location: 11:00

Namshar

  • Race: Zerg Zerg
  • League: Grandmaster
  • Spawn Location: 5:00

Event: 2019 WCS Winter Europe

VOD

Have the link to the VOD?

Description

Time

  • Played on: Feb. 14, 2019, 11:59 a.m.
  • Length: 11:28

All games in this series

Show
View Real Time Build Order
Export as new Build Order

PtitDrogo Protoss - Winner!

Build Orders: 1 Gate Expand, Oracle Opening, Archon Immortal, Archon Drop 

Get SALT Encoding   

  12  0:00  Probe  
  13  0:12  Probe  
  14  0:19  Pylon  
  14  0:24  Probe  
  15  0:33  Probe  
  15  0:41  Probe  
  16  0:43  Gateway  
  16  0:47  Assimilator  
  17  0:51  Probe  
  18  1:03  Probe  
  19  1:15  Probe  
  20  1:23  Nexus  
  20  1:34  Cybernetics Core  
  20  1:37  Probe  
  21  1:46  Assimilator  
  21  1:49  Probe  
  22  1:54  Pylon  
  22  2:01  Probe  
  22  2:02  Adept  
  23  2:13  Probe  
  26  2:17  Stargate  
  26  2:25  Warp Gate, Probe  
  27  2:32  Probe  
  27  2:34  Probe  
  28  2:37  Stalker  
  28  2:41  Probe  
  28  2:42  Probe  
  31  2:50  Probe  
  33  2:52  Probe  
  35  3:02  Probe  
  35  3:04  Probe  
  35  3:05  Oracle  
  36  3:14  Probe  
  36  3:16  Probe  
  41  3:21  Pylon  
  41  3:25  Assimilator  
  41  3:26  Probe  
  42  3:27  Assimilator  
  42  3:28  Robotics Facility  
  42  3:29  Probe  
  43  3:37  Gateway  
  43  3:39  Probe  
  44  3:42  Probe  
  45  3:49  Twilight Council  
  45  3:51  Probe  
  45  3:54  Probe  
  47  4:05  Probe  
  47  4:06  Probe, Gateway x2  
  47  4:07  Warp Prism  
  49  4:12  Pylon  
  49  4:19  Probe  
  49  4:21  Probe  
  53  4:28  Templar Archives  
  53  4:32  Zealot  
  53  4:35  Zealot  
  57  4:39  Probe  
  58  4:50  Pylon  
  58  4:52  Nexus  
  58  4:57  Observer  
  58  4:59  Probe x2  
  61  5:06  Pylon  
  61  5:08  High Templar  
  61  5:09  High Templar x3  
  61  5:12  Archon  
  61  5:13  Archon  
  69  5:14  Immortal  
  69  5:17  Forge, Probe  
  70  5:24  Probe  
  75  5:32  Gateway  
  75  5:39  Protoss Ground Weapons Level 1, Probe  
  76  5:49  Probe  
  77  5:53  Immortal  
  77  5:58  Charge  
  77  6:00  Pylon  
  77  6:02  Pylon  
  77  6:03  Gateway  
  77  6:06  Gateway  
  77  6:08  Probe  
  77  6:10  Gateway  
  82  6:16  Probe x2  
  82  6:18  Assimilator  
  84  6:19  Sentry  
  84  6:20  Sentry  
  84  6:25  Immortal  
  88  6:26  Assimilator  
  88  6:32  Sentry  
  94  6:33  Sentry  
  94  6:35  Probe x2  
  94  6:36  Pylon  
  98  6:41  Pylon  
  98  6:44  Pylon  
  98  6:52  Probe x2  
  100  6:56  Zealot x4  
  100  6:59  Pylon  
  108  7:03  High Templar x2  
  108  7:04  Zealot  
  108  7:07  Pylon  
  114  7:10  Archon  
  114  7:11  Zealot  
  114  7:12  Pylon  
  116  7:25  Zealot x2  
  116  7:27  High Templar x2  
  116  7:28  Zealot  
  126  7:31  Pylon, Archon  
  126  7:35  Zealot  
  126  7:36  Zealot x2  
  127  7:50  Zealot x3  
  107  7:56  Zealot x3  
  107  7:58  Protoss Ground Weapons Level 2  
  103  8:02  Probe  
  89  8:08  Zealot  
  89  8:09  Zealot  
  89  8:10  Immortal  
  91  8:12  Zealot  
  91  8:13  Zealot x2  
  91  8:23  Zealot x3  
  91  8:24  Psionic Storm  
  87  8:31  Zealot x2, Probe  
  86  8:39  Probe  
  86  8:41  Probe  
  84  8:43  Probe  
  84  8:46  High Templar x2  
  84  8:47  Zealot x3  
  91  8:52  Probe  
  92  9:00  Immortal  
  92  9:01  High Templar x2  
  92  9:04  Zealot  
  92  9:14  Nexus, Pylon  
  96  9:17  Zealot x2, High Templar  
  96  9:22  Pylon  
  102  9:35  Photon Cannon  
  102  9:38  Warp Prism  
  100  9:41  High Templar  
  100  9:42  Zealot x3, High Templar  
  110  9:47  Archon  
  110  9:51  Zealot  
  110  9:52  Zealot x2  
  116  9:58  Pylon  
  116  10:04  High Templar  
  116  10:05  Zealot, High Templar  
  122  10:07  Gateway  
  122  10:08  Gateway  
  122  10:10  Archon  
  122  10:12  Photon Cannon  
  122  10:13  Probe  
  123  10:15  High Templar x2  
  123  10:16  Zealot x2  
  123  10:17  Observer  
  123  10:20  Archon  
  131  10:25  Oracle  
  135  10:37  Immortal  
  135  10:42  High Templar x2  
  139  10:43  Zealot x2  
  139  10:44  Zealot x2  
  139  10:46  Archon  
  139  10:47  Zealot x2  
  133  11:06  Archon x2  
  133  11:08  Zealot x2  
  133  11:09  Zealot x4  
  133  11:14  Zealot x2  
Show
View Real Time Build Order
Export as new Build Order

Namshar Zerg 

Build Orders: Hatch First 

Get SALT Encoding   

  12  0:00  Drone  
  13  0:12  Overlord  
  13  0:17  Drone  
  14  0:30  Drone  
  15  0:44  Hatchery  
  15  0:48  Drone  
  15  0:52  Drone  
  15  0:55  Drone  
  17  1:10  Spawning Pool  
  16  1:11  Extractor  
  16  1:14  Drone  
  16  1:18  Drone  
  17  1:21  Drone  
  18  1:31  Drone  
  19  1:42  Drone  
  20  1:58  Queen x2, Zergling x2  
  20  1:59  Zergling x2  
  26  2:04  Overlord  
  26  2:07  Drone  
  27  2:13  Metabolic Boost  
  27  2:16  Drone  
  28  2:23  Drone  
  28  2:28  Drone  
  30  2:38  Hatchery  
  30  2:43  Queen  
  31  2:48  Overlord  
  31  2:51  Drone  
  31  2:54  Drone  
  33  3:02  Spore Crawler  
  31  3:08  Drone  
  31  3:09  Drone x4  
  31  3:12  Drone  
  36  3:13  Drone  
  36  3:15  Drone  
  36  3:19  Drone  
  39  3:21  Drone  
  40  3:28  Drone x2  
  40  3:29  Spore Crawler  
  40  3:30  Drone  
  40  3:34  Overlord  
  42  3:39  Queen  
  44  3:45  Overlord  
  44  3:52  Drone  
  44  3:53  Drone x4  
  44  3:54  Spore Crawler  
  48  3:56  Drone  
  48  3:59  Overlord  
  48  4:01  Drone  
  50  4:04  Drone x2  
  52  4:11  Overlord  
  52  4:15  Drone x2  
  54  4:17  Zergling x6  
  54  4:21  Lair  
  57  4:28  Drone x4  
  59  4:33  Roach Warren  
  59  4:34  Extractor  
  59  4:35  Extractor  
  59  4:37  Drone  
  59  4:38  Drone x2  
  59  4:42  Drone x2  
  59  4:43  Drone x2  
  63  4:47  Overlord  
  63  4:50  Drone x3  
  66  4:58  Overlord, Drone x2  
  66  4:59  Drone  
  69  5:00  Drone  
  69  5:08  Evolution Chamber  
  69  5:09  Extractor, Drone  
  69  5:10  Queen  
  70  5:14  Queen  
  70  5:19  Glial Reconstitution, Queen  
  74  5:22  Roach  
  74  5:24  Overlord  
  74  5:26  Roach  
  74  5:27  Roach  
  80  5:33  Roach x3  
  80  5:34  Roach  
  87  5:37  Drone x2  
  89  5:46  Queen  
  89  5:53  Drone x9  
  95  5:59  Zerg Missile Weapons Level 1  
  95  6:00  Drone x3  
  98  6:04  Extractor  
  98  6:06  Overlord x2  
  98  6:11  Hydralisk Den  
  96  6:22  Drone  
  96  6:24  Extractor  
  95  6:29  Drone  
  95  6:30  Drone x2  
  95  6:32  Overlord  
  98  6:34  Roach x2  
  98  6:39  Hatchery  
  101  6:42  Grooved Spines  
  101  6:43  Overlord x3  
  101  6:47  Hydralisk x3  
  101  6:51  Hydralisk x3  
  113  6:56  Overseer  
  113  7:02  Hydralisk  
  113  7:03  Hydralisk x5  
  113  7:07  Overlord  
  125  7:10  Roach x3  
  125  7:11  Roach  
  125  7:13  Ravager  
  125  7:14  Ravager  
  134  7:19  Roach x4  
  134  7:22  Roach  
  144  7:23  Overlord  
  144  7:24  Overseer  
  144  7:29  Overlord x2  
  144  7:33  Roach x2  
  144  7:35  Overlord  
  144  7:36  Roach  
  150  7:38  Ravager  
  151  7:47  Roach x4  
  134  7:54  Roach  
  134  7:55  Roach x2  
  134  7:57  Roach x5  
  132  8:01  Roach  
  132  8:03  Roach  
  132  8:04  Queen  
  132  8:05  Roach  
  107  8:13  Roach x3  
  107  8:15  Roach x2  
  108  8:24  Roach x2  
  92  8:30  Roach x2  
  75  8:36  Roach  
  75  8:37  Roach x2  
  73  8:41  Roach x2  
  73  8:45  Roach  
  74  8:52  Queen  
  68  9:04  Roach  
  68  9:05  Roach x6  
  68  9:07  Ravager x3  
  68  9:08  Ravager  
  86  9:13  Roach x2  
  86  9:15  Roach  
  92  9:21  Roach x3  
  92  9:24  Roach  
  100  9:25  Roach  
  100  9:31  Roach x2  
  106  9:34  Roach  
  106  9:35  Roach  
  106  9:37  Roach  
  112  9:42  Roach x2  
  116  9:47  Roach  
  116  9:48  Roach x2  
  122  9:55  Roach x3  
  122  9:56  Roach  
  132  10:00  Roach x2  
  132  10:03  Roach  
  132  10:05  Roach  
  138  10:07  Roach  
  138  10:10  Roach  
  138  10:14  Roach x2  
  146  10:19  Roach x2  
  146  10:21  Roach  
  152  10:24  Roach  
  152  10:25  Roach  
  156  10:30  Roach  
  156  10:31  Roach  
  160  10:41  Roach  
  160  10:42  Roach x4  
  150  11:00  Roach x6  
  150  11:03  Roach x4  
  133  11:06  Roach  
  133  11:07  Roach  
Tags
 
Add a new tag
Caveats
  • Supply blocks, unpowered buildings, or Contaminate may cause inaccurate times.
  • Supply counts are checked every 10 seconds.